AoeStats
← [SSB] LisanAlGaib

Arabia

508732130Analyzed
3v3 RM · 8d ago on Sep 23, 2026· 65m 57s· 6 players
Game mode
Random Map
Map size
Normal (6 player)
Population
200
Speed
Normal
Resources
Standard
Victory
Conquest
Starting age
Dark Age
Ending age
Imperial Age
RankedLock teamsTeams togetherTeam positionsShared explorationLock speedFull tech treeHidden civsTurbo modeCheats
Victory
Defeat
🇫🇷 Persians · France
1182
+7
🇧🇪 Burgundians · Belgium
1172
+8
🇧🇪 Vietnamese · Belgium
747
+23
🇦🇷 Byzantines · Argentina
969
-14
🇪🇸 Franks · Spain
964
-13
🇦🇷 Tupi · Argentina
927
-11
ManuJejox
11:22 Feudal Age
12:32 Double-Bit Axe
16:57 Loom
18:56 Scale Mail Armor
24:09 Castle Age
25:06 Bow Saw
26:58 Wheelbarrow
26:54 Horse Collar
27:44 Chain Mail Armor
27:41 Forging
30:41 Iron Casting
33:07 Gambesons
38:38 Heavy Plow
42:07 Imperial Age
40:17 Gold Mining
45:32 Two-Man Saw
45:04 Crop Rotation
46:07 Plate Mail Armor
46:03 Conscription
47:03 Elite Varangian Guard
49:48 Hand Cart
53:29 Gold Shaft Mining
52:44 Stone Mining
55:17 Husbandry
54:38 Heavy Camel Rider
57:32 Scale Barding Armor
59:03 Pikeman
59:45 Squires
61:04 Halberdier
62:31 Chain Barding Armor
Elgato8153
6:43 Loom
9:19 Feudal Age
12:06 Town Watch
14:17 Double-Bit Axe
16:52 Wheelbarrow
18:53 Castle Age
18:58 Scale Barding Armor
19:05 Forging
18:50 Gold Mining
20:51 Husbandry
21:34 Fervor
23:26 Hand Cart
24:05 Chain Barding Armor
24:21 Iron Casting
25:48 Bow Saw
26:21 Iron Casting
26:41 Stone Mining
27:25 Town Patrol
31:54 Squires
33:00 Pikeman
34:35 Gold Shaft Mining
40:07 Scale Mail Armor
43:46 Imperial Age
43:41 Chain Mail Armor
43:17 Fletching
45:34 Plate Barding Armor
45:53 Cavalier
49:18 Conscription
bananon1501915
12:13 Feudal Age
13:09 Double-Bit Axe
13:50 Horse Collar
19:32 Castle Age
18:08 Stone Mining
19:11 Gold Mining
22:05 Heavy Plow
22:18 Bow Saw
22:02 Fletching
22:14 Padded Archer Armor
23:50 Wheelbarrow
24:06 Gold Shaft Mining
25:33 Hand Cart
25:51 Bodkin Arrow
31:22 Imperial Age
28:41 Loom
29:36 Ballistics
32:08 Bracer
32:23 Leather Archer Armor
32:30 Leather Archer Armor
33:47 Chemistry
32:29 Treadmill Crane
32:38 Elite Blackwood Archer
33:38 Curare
34:12 Conscription
38:11 Squires
37:32 Elite Ibirapema Warrior
38:26 Forging
38:47 Ring Archer Armor
38:18 Scale Mail Armor
38:57 Scale Mail Armor
39:42 Iron Casting
40:20 Chain Mail Armor
46:18 Two-Man Saw
48:01 Pikeman
48:53 Halberdier
50:28 Plate Mail Armor
53:03 Caravan
Popomerdo
6:37 Loom
9:04 Feudal Age
10:03 Double-Bit Axe
14:36 Horse Collar
15:31 Forging
21:03 Castle Age
19:16 Scale Barding Armor
20:43 Bloodlines
22:00 Wheelbarrow
22:21 Gold Mining
23:07 Bow Saw
25:03 Chain Barding Armor
25:20 Iron Casting
24:47 Husbandry
26:22 Gold Shaft Mining
28:17 Heavy Plow
28:47 Stone Mining
38:28 Imperial Age
37:55 Hand Cart
38:09 Cavalier
39:26 Plate Barding Armor
40:38 Blast Furnace
39:39 Savar
41:27 Conscription
41:58 Murder Holes
42:14 Masonry
42:52 Hoardings
46:44 Fletching
61:33 Chemistry
61:04 Architecture
60:14 Light Cavalry
63:33 Citadels
63:54 Hussar
64:30 Bodkin Arrow
[SSB] YzerGeek
5:19 Loom
10:10 Feudal Age
10:55 Double-Bit Axe
17:35 Horse Collar
21:11 Castle Age
21:31 Forging
21:27 Scale Barding Armor
24:05 Cavalier
24:43 Gold Mining
27:16 Chain Barding Armor
27:35 Iron Casting
31:02 Wheelbarrow
31:20 Heavy Plow
31:32 Bow Saw
31:16 Stone Mining
32:02 Gold Shaft Mining
36:43 Chain Barding Armor
36:39 Fletching
37:06 Husbandry
37:02 Town Watch
38:26 Crop Rotation
38:25 Hand Cart
39:44 Burgundian Vineyards
40:54 Two-Man Saw
40:34 Light Cavalry
41:40 Bodkin Arrow
46:13 Imperial Age
47:18 Paladin
47:44 Hussar
52:16 Plate Barding Armor
52:42 Blast Furnace
51:43 Scale Mail Armor
55:08 Conscription
55:12 Bracer
55:54 Ballistics
56:35 Chemistry
56:55 Pikeman
57:46 Halberdier
59:37 Chain Mail Armor
62:25 Plate Mail Armor
65:53 Town Patrol
65:46 Guard Tower
66:07 Fortified Wall
65:52 Murder Holes
65:38 Treadmill Crane
66:08 Masonry
66:09 Clinker Construction
66:09 Careening
66:05 Siphons
65:47 Arrowslits
66:22 Bombard Tower
65:34 Sappers
66:40 Hoardings
66:13 Squires
66:02 Arson
[SSB] LisanAlGaib
11:28 Feudal Age
9:46 Loom
14:42 Double-Bit Axe
17:23 Wheelbarrow
20:10 Fletching
23:10 Castle Age
22:22 Scale Mail Armor
24:15 Pikeman
25:31 Crossbowman
30:35 Thumb Ring
36:26 Bodkin Arrow
36:31 Padded Archer Armor
40:46 Imperial Age
40:56 Gold Mining
41:20 Bow Saw
41:29 Leather Archer Armor
41:13 Capped Ram
42:44 Hand Cart
46:11 Arbalester
46:55 Halberdier
47:48 Bracer
48:19 Ring Archer Armor
50:35 Ballistics
52:49 Squires
64:45 Ring Archer Armor
Connection lost

Rejoining the realm…

Still unreachable

The connection could not be restored.

Session expired

The server has moved on; the page needs a fresh start.